 Dungeon Crawl Stone Soup version 0.31-a0-229-g1fc7ce93e2 (webtiles) character file.

Game seed: 5263565293063351021

59 qw the Shooter (level 3, 0/29 HPs)
             Began as a Minotaur Hexslinger on July 6, 2023.
             Slain by an orc
             ... wielding a +0 hand axe
              (3 damage)
             ... on level 3 of the Dungeon.
             The game lasted 00:00:33 (1879 turns).

qw the Shooter (Minotaur Hexslinger)                Turns: 1879, Time: 00:00:34

Health: 0/29       AC:  3    Str: 12    XL:     3   Next: 78%
Magic:  3/3        EV:  9    Int: 10    God:
Gold:   108        SH:  0    Dex: 14    Spells: 3/4 levels left

rFire   . . .        Y - +2 sling
rCold   . . .        (no shield)
rNeg    . . .        k - +0 leather armour
rPois   .            (helmet restricted)
rElec   .            (no cloak)
rCorr   .            (no gloves)
SInv    .            (no boots)
Will    .....        (no amulet)
Stlth   +            (no ring)
HPRegen 0.24/turn    (no ring)
MPRegen 0.08/turn

%: no passive effects
@: constricted
A: horns 2, retaliatory headbutt
a: no special abilities


You were on level 3 of the Dungeon.
You visited 1 branch of the dungeon, and saw 3 of its levels.

You collected 108 gold pieces.


Innate Abilities, Weirdness & Mutations

You have a pair of horns on your head.
You reflexively headbutt those who attack you in melee.


   Skills:
 - Level 2.0 Fighting
 + Level 4.3 Ranged Weapons
 - Level 2.1 Dodging
 - Level 1.0 Spellcasting
 - Level 2.0 Hexes


You had 3 spell levels left.
You knew the following spells:

 Your Spells              Type           Power      Damage    Failure   Level
a - Slow                  Hex            16%        N/A       19%         1

Your spell library contained the following spells:

 Spells                   Type           Power      Damage    Failure   Level
 Inner Flame              Hex/Fire       2%         N/A       65%         3
 Portal Projectile        Hex/Tloc       4%         N/A       65%         3
 Cause Fear               Hex            2%         N/A       88%         4

Inventory:

Hand Weapons
 Y - a +2 sling (weapon)
Armour
 k - a +0 leather armour (worn)
Scrolls
 f - a scroll of identify
Potions
 e - a potion of attraction {unknown}
 g - a potion of enlightenment {unknown}
 h - a potion of curing

Dungeon Overview and Level Annotations

Branches:
Dungeon (3/15)

Altars:
Fedhas
Ru


Message History

You are no longer poisoned.
A nearby fungus withers and dies.
The adder bites you.
You are poisoned.
The adder poisons you!
An orc comes into view. It is wielding a +0 club.
The adder closely misses you. You furiously retaliate!
You headbutt the adder! You shoot a sling bullet.
The sling bullet hits the adder.
The adder is almost dead.
You feel sick. The adder bites you.
You shoot a sling bullet.
The sling bullet closely misses the adder.
The sling bullet hits the ball python.
The ball python is moderately wounded.
You feel sick. The adder bites you. The orc hits you with a +0 hand axe.
The adder bites you.
You shoot a sling bullet.
The sling bullet closely misses the adder.
The sling bullet hits the orc!
You kill the orc!
You feel sick. The adder misses you. The orc hits you but does no damage.
You shoot a sling bullet. The sling bullet hits the adder.
You kill the adder!
You feel sick. The orc barely misses you. You furiously retaliate!
You headbutt the orc. The orc hits you with a +0 hand axe.
You shoot a sling bullet.
The sling bullet closely misses the orc.
The sling bullet hits the fungus.
The fungus begins to die.
The fungus is lightly damaged.
You feel sick.
You are no longer poisoned.
The ball python barely misses you. The ball python misses you.
The orc hits you with a +0 hand axe. The ball python closely misses you.
The ball python completely misses you.
You shoot a sling bullet.
The sling bullet hits the orc but does no damage.
The orc is almost dead.
The ball python bites you but does no damage.
The ball python grabs you. The ball python constricts you.
The orc hits you with a +0 hand axe.
You die...

....... .#..... +
....)P. ..#. ....P..
+###+#..#.. .P....P
.....#..#...#####.)P.8.P
.._..+..+.......#S.P....
.....#..# #....@o..P...
'###+#..#.)..##.##..P...
.....#..#....##.# .....
##'##'##+....##># .#.$
..#.....#....##.# # )
..#(....#....##.#
##+##'###....##.#
#..##)........#.# ..#
##........#.#


You could see an orc and a ball python.

Vanquished Creatures
  An adder (D:3)
  A worm (D:2)
  3 orcs (D:3)
  4 ball pythons
  4 bats
  An endoplasm (D:2)
  2 giant cockroaches (D:1)
  3 goblins
  2 hobgoblins (D:1)
  4 jackals (D:2)
  2 quokkas
  6 kobolds
  8 rats
41 creatures vanquished.

Notes
Turn   | Place    | Note
-------+----------+-------------------------------------------
     0 | D:1      | qw the Minotaur Hexslinger began the quest for the Orb.
     0 | D:1      | Reached XP level 1. HP: 16/16 MP: 1/1
     0 | D:1      | 0 ||| qw: Version: 0.3-a-46-gb1f654a
     0 | D:1      | 0 ||| qw: Game counter: 1297
     0 | D:1      | 0 ||| qw: Melee chars always use a shield: true
     0 | D:1      | 0 ||| qw: God list: Okawaru
     0 | D:1      | 0 ||| qw: Allow faded altars: false
     0 | D:1      | 0 ||| qw: Do Orc after clearing Dungeon:15 true
     0 | D:1      | 0 ||| qw: Do second Lair branch before Depths: true
     0 | D:1      | 0 ||| qw: Lair rune preference: random
     0 | D:1      | 0 ||| qw: Goals: Normal
     0 | D:1      | 0 ||| PLANNING D:1-11
   187 | D:1      | Reached skill level 3 in Ranged Weapons
   187 | D:1      | Reached XP level 2. HP: 21/23 MP: 2/2
   272 | D:1      | Found a faded altar of an unknown god.
   731 | D:1      | 731 ||| READING scroll labelled TUDUBB XUMANG.
   732 | D:1      | 732 ||| READING scroll labelled JUWESA FO MUY.
   833 | D:1      | 833 ||| DRINKING 2 dark potions.
   834 | D:1      | 834 ||| DROPPING scroll of poison.
  1186 | D:2      | Reached XP level 3. HP: 29/29 MP: 3/3
  1272 | D:2      | Found a blossoming altar of Fedhas.
  1442 | D:2      | HP: 4/29 [worm (8)]
  1735 | D:2      | 1735 ||| UPGRADING to +0 leather armour.
  1745 | D:2      | 1745 ||| DROPPING +0 robe.
  1746 | D:2      | 1746 ||| READING scroll labelled GAJI UCISSUJOYSEZ.
  1747 | D:2      | 1747 ||| READING scroll labelled CIWOXKU AVVOEM.
  1748 | D:2      | 1748 ||| READING 3 scrolls labelled GOSOBE HAUTZ.
  1749 | D:2      | 1749 ||| READING scroll labelled GUTTAF JEHE.
  1753 | D:2      | 1753 ||| READING scroll labelled BEMAGOUDUR.
  1754 | D:2      | 1754 ||| READING 2 scrolls of identify.
  1754 | D:2      | 1754 ||| IDENTIFYING sapphire potion
  1755 | D:2      | 1755 ||| DROPPING potion of invisibility.
  1823 | D:3      | Found a sacrificial altar of Ru.
  1838 | D:3      | Reached skill level 4 in Ranged Weapons
  1877 | D:3      | HP: 4/29 [orc/+0 hand axe (6)]
  1879 | D:3      | Slain by an orc

Levels and vault maps discovered:
D:1:      lightli_arrival_chessboard, layout_basic,
          chequers_ecumenical_altar_simple_redux
D:2:      layout_basic, basic_altar
D:3:      layout_basic, mainiacjoe_overflow_24_doors,
          dreamdust_mushroom_princess, ebering_dispersal_statue_hall,
          uniq_robin, uniq_natasha, uniq_terence

Skill      XL: |  1  2  3 |
---------------+----------+-----
Ranged Weapons | 3 4 |  4.3
Fighting       | 2 |  2.0
Dodging        | |  2.1
Spellcasting   | |  1.0
Hexes          | |  2.0

Action                     || total
---------------------------++-------
   Fire: Sling             ||   113
    Use: Scroll            ||     8
         Potion            ||     1
 Armour: Robe              ||     5
         Leather armour    ||     4
  Dodge: Dodged            ||    33

Table legend:
 A = Non-vault XP
 B = Vault XP
 C = Vault XP percentage of total XP
 D = Non-vault monster count
 E = Vault monster count
 F = Vault count percentage of total count
                 A         B        C        D         E       F
            +---------+---------+-------+---------+---------+-------
      Total |      85 |       0 |   0.0 |      41 |       0 |   0.0
            +---------+---------+-------+---------+---------+-------
        D:1 |      23 |       0 |   0.0 |      14 |       0 |   0.0
        D:2 |      35 |       0 |   0.0 |      20 |       0 |   0.0
        D:3 |      27 |       0 |   0.0 |       7 |       0 |   0.0
            +---------+---------+-------+---------+---------+-------
